[Event "Czech Championship 2022"]
[Site "Usti nad Labem"]
[Date "2022.05.21"]
[Round "8.10"]
[White "Babula, Vlastimil jr"]
[Black "Mica, Marek"]
[Result "1/2-1/2"]
[ECO "B12"]
[WhiteElo "2217"]
[BlackElo "2343"]
[Annotator "TA"]
[PlyCount "145"]
[EventDate "2022.05.12"]
[EventType "swiss"]
[EventCountry "CZE"]
[SourceTitle "playchess.com"]
[Source "ChessBase"]
[SourceQuality "1"]
[TimeControl "40/5400+30:1800+30"]

1. e4 c6 2. d4 d5 3. e5 Bf5 4. h4 h5 5. Bd3 Bxd3 6. Qxd3 e6 7. Bg5 {[%emt 0:00:08] B12: Caro-Kann: Advance Variation.} Be7 8. f4 {[%emt 0:00:24][%cal Bf2f4,Bf4f5][%mdl 32] [#]} Qb6 $146 ({Predecessor:} 8... g6 9. Nf3 Nd7 10. O-O Qb6 11. Nbd2 Nh6 12. Bxh6 Rxh6 13. c4 Kf8 14. c5 Qd8 {½-½ (55) Machacek,L (1579)-Barak,D (1658) Kouty nad Desnou 2017}) 9. Nd2 {[%emt 0:02:48] Active counter play!} c5 10. f5 Qxb2 11. Rb1 c4 {[%emt 0:05:10] Hoping for ...Qxb1+.} 12. Qe3 $2 (12. c3 $11 {and White has nothing to worry.}) 12... Qxc2 $19 {[%emt 0:01:05] aiming for ...c3.} 13. Ne2 {[%emt 0:00:50] Against c3} (13. Rxb7 $142 Nc6 14. fxe6 Qc1+ 15. Kf2 fxe6 16. Ndf3) 13... Qxf5 {[%emt 0:05:11] And now ...b6 would win.} 14. Rf1 Bxg5 (14... Qg6 $19 {has better winning chances.} 15. Rxb7 Nc6) 15. hxg5 $17 Qg6 (15... Qd3 $6 16. Qf2 Qg6 17. Rxb7 $11) 16. Rxb7 Ne7 ({Better is} 16... Nc6 $1 $17 {Strongly threatening ...Nge7.} 17. Nf4 Qxg5 18. Nxd5 Qxe3+ 19. Nxe3 Nh6 20. Ndxc4 O-O) 17. Qf3 $2 (17. Rxe7+ $1 $11 {and White is okay.} Kxe7 18. Nf4) 17... Nbc6 $19 {[%emt 0:03:53] Threatens to win with ...0-0.} 18. Nf4 Qf5 (18... Qxg5 19. Nxe6 $1 Qg6 20. Nc7+ Kd8 21. Nxa8 $18) 19. Nxc4 O-O (19... Nxd4 $2 20. Nd6+ Kf8 21. Nxe6+ Kg8 22. Nxd4 $18) 20. Nd6 Qxg5 (20... Qc2 $19 {is more deadly.} 21. Ne2 Ng6) 21. Ne2 {[%emt 0:03:13][%mdl 8192] [#]} (21. Qxh5 $17 Qxh5 22. Nxh5) 21... Nxd4 $1 22. Nxd4 {[%emt 0:00:24] Qf4 is the strong threat.} (22. Qf4 Qxf4) 22... Qxe5+ 23. Ne2 Qxd6 24. Qxh5 Rab8 $2 (24... g6 $19 25. Qh3 Kg7) 25. Rh1 $11 f5 26. Qh7+ Kf7 27. Qh5+ Kg8 (27... Kf6 $5 28. Qh4+ Kf7 29. Qh5+ Kg8 30. Qh7+ Kf7 31. Qh5+ $11) 28. Qh7+ Kf7 29. Qh5+ g6 (29... Kf6 $5 30. Qh4+ Kf7 31. Qh5+ $11) 30. Qh7+ Ke8 (30... Kf6 $5 31. Qh4+ Kf7 32. Qh7+ (32. Qxe7+ Qxe7 33. Rh7+ Kf6 $11) 32... Kf6 33. Qh4+ Kf7 34. Qh7+ $11 (34. Qxe7+ Qxe7 35. Rh7+ Kf6 $11)) 31. Qxe7+ Qxe7 32. Rxb8+ Kf7 33. Rh7+ Kf6 34. Rxe7 Rxb8 35. Rxa7 {[%emt 0:00:10][%mdl 4096] Endgame KRN-KR} e5 36. Ra6+ Kg5 37. Re6 (37. Ra5 $1 $14 {is more appropriate.}) 37... e4 38. Rd6 Rb1+ 39. Kf2 f4 {[%emt 0:01:52] ( -> ...e3+)} 40. Rxd5+ Kg4 41. Nc3 e3+ 42. Ke2 Rb2+ 43. Kf1 Rf2+ 44. Kg1 Rc2 45. Rd3 Rc1+ (45... Kg3 $5 46. Ne4+ Kg4 $11) 46. Kh2 g5 47. Ne2 Rc2 (47... Re1 $5 48. Ng1 e2 49. Nxe2 Rxe2 $15) 48. Nd4 Rxa2 49. Nf3 {[%emt 0:00:08] Black must now prevent Rd5.} Rf2 50. Ng1 (50. Rd8 $11) 50... Kf5 ({Don't play} 50... Rd2 51. Ra3 $11) ({Black should try} 50... e2 $1 $15 51. Nxe2 Rxe2) 51. Rd5+ Kf6 52. Kh3 (52. Rd6+ $11 Ke5 53. Rg6) 52... Rf1 (52... e2 $17 53. Nxe2 Rxe2) 53. Ne2 Re1 54. Nc3 Rc1 55. Ne2 Rc2 56. Ng1 {[%emt 0:00:28] [#]} (56. Nd4 $11 {remains equal.} Rd2 57. Kg4) 56... Rf2 ({Reject} 56... Rd2 57. Ra5 $11) (56... e2 $1 $17 57. Nxe2 Rxe2) 57. Ra5 {[%emt 0:00:38] The position is equal.} (57. Nf3 $2 {[#]} Rxf3+ $1 58. gxf3 e2 59. Rd6+ Ke7 $19) 57... e2 58. Ra6+ Ke7 59. Ra7+ Kf6 60. Ra6+ Kf7 61. Ra7+ Kg6 62. Ra6+ Kh5 63. g4+ ({Don't blunder} 63. Re6 $2 g4+ 64. Kh2 f3 $19) 63... fxg3 64. Nxe2 Rxe2 65. Kxg3 {[%emt 0:00:06] KR-KR} Re3+ 66. Kf2 Rb3 67. Ra4 Kg6 68. Kg2 Kf5 69. Rc4 Re3 70. Ra4 Re4 71. Rxe4 Kxe4 72. Kg3 g4 73. Kxg4 {[%emt 0:00:04] White happily takes the draw.  Weighted Error Value: White=0.32/Black=0.24 (precise)} 1/2-1/2

[Event "Czech Championship 2022"]
[Site "Usti nad Labem"]
[Date "2022.05.21"]
[Round "8.11"]
[White "Freisler, Pavel"]
[Black "Stinka, Jakub"]
[Result "1-0"]
[ECO "E04"]
[WhiteElo "2239"]
[BlackElo "2345"]
[Annotator "TA"]
[PlyCount "109"]
[EventDate "2022.05.12"]
[EventType "swiss"]
[EventCountry "CZE"]
[SourceTitle "playchess.com"]
[Source "ChessBase"]
[SourceQuality "1"]
[TimeControl "40/5400+30:1800+30"]

1. d4 Nf6 2. Nf3 e6 3. c4 d5 4. g3 dxc4 5. Bg2 Nc6 6. O-O Rb8 7. Be3 {[%emt 0:01:24] E04: Open Catalan: 5 Nf3.} Be7 8. Qc1 b5 9. b3 {[%emt 0:00:51] [#] White has an edge.} Ba6 $146 ({Predecessor:} 9... O-O 10. bxc4 bxc4 11. Qxc4 Nb4 12. Qc1 Ba6 13. Re1 c5 14. dxc5 Qa5 15. Nd4 Bxc5 {½-½ (42) Kozul,Z (2589)-Farago,I (2367) Karlsruhe 2019}) 10. bxc4 bxc4 11. Nbd2 Na5 12. Ne5 Nd5 13. Ndxc4 Nxc4 14. Nxc4 O-O 15. Ne5 {[%emt 0:01:35] Nc6 is the strong threat.} Rb6 16. Nc6 Qd6 17. Nxe7+ Qxe7 18. Bf3 Rfb8 19. Rd1 Rb2 (19... Qd6 $11 {might be stronger.}) 20. Rd2 (20. Bd2 $5 ) 20... Qb4 21. Rxb2 (21. a3 {is interesting.} Qb3 22. Rxb2 Qxb2 23. Kf1) 21... Qxb2 22. Qxb2 Rxb2 23. Bc1 Rc2 24. e3 Bc4 25. a4 Nc3 {[%emt 0:02:42] Inhibits Bd1.} 26. Ba3 Bd5 27. Bxd5 exd5 $11 {[%emt 0:00:06][%mdl 4096] Endgame KRB-KRN} 28. Bb4 {[%emt 0:00:32] Black must now prevent Bxc3.} Ne4 29. Be1 (29. f3 Ng5 30. Rf1 Nh3+ 31. Kh1 Ra2 $15) 29... g5 30. g4 Nd6 31. Rb1 Rc4 (31... Nc4 $11) 32. Bb4 Ne4 33. Kg2 Kg7 34. Rb2 Kg6 35. a5 f5 36. gxf5+ Kxf5 37. f3 Nf6 38. Be7 a6 39. Bxf6 Kxf6 $14 {[%emt 0:00:02] KR-KR} 40. Rb7 h5 41. Ra7 Rc6 42. Kg3 Kf5 43. h4 gxh4+ 44. Kxh4 Rc3 45. Rxa6 {[%emt 0:01:59] [#] And now Ra8 would win.} (45. Kxh5 Rxe3 46. Rxc7 (46. Rxa6 Rxf3 47. Kh4 Ra3 $17) 46... Rxf3 47. Rf7+ Ke4 48. Re7+ Kxd4 $17) 45... Rxe3 46. Ra8 {[%emt 0:00:14] Strongly threatening a6.} ({Reject} 46. Kxh5 Rxf3 47. Kh6 Ra3 $17) 46... Re7 $1 47. Rf8+ Kg6 48. a6 {[%emt 0:03:34] White threatens a7 and mate.} c6 49. Rc8 Kf5 50. Rxc6 Re1 $2 {[%emt 0:03:58][%mdl 8192] [#] Loses the game.} (50... Kf4 $11) 51. Rc8 $1 $18 Ra1 52. Rf8+ {[%emt 0:00:38] White mates.} Kg6 53. Ra8 Kg7 54. a7 Rh1+ 55. Kg5 {[%emt 0:00:12] Weighted Error Value: White=0.06 (flawless) /Black=0.23 (precise)} 1-0

[Event "Czech Championship 2022"]
[Site "Usti nad Labem"]
[Date "2022.05.21"]
[Round "8.12"]
[White "Gnojek, Petr"]
[Black "Krivanek, Vladimir"]
[Result "1-0"]
[ECO "A60"]
[WhiteElo "2302"]
[BlackElo "2180"]
[Annotator "TA"]
[PlyCount "71"]
[EventDate "2022.05.12"]
[EventType "swiss"]
[EventCountry "CZE"]
[SourceTitle "playchess.com"]
[Source "ChessBase"]
[SourceQuality "1"]
[TimeControl "40/5400+30:1800+30"]

1. d4 Nf6 2. c4 e6 3. Nc3 c5 4. d5 exd5 5. cxd5 d6 6. Nf3 a6 7. a4 {[%emt 0:00:42] A60: Modern Benoni: Early Divergences.} Nbd7 8. e4 Be7 9. Be2 {[%emt 0:01:07] White is better.} O-O 10. O-O Re8 11. Nd2 Rb8 {[%emt 0:07:54] [#]} 12. Nc4 $146 ({Predecessor:} 12. a5 Nf8 13. Qc2 Ng6 14. f4 Bf8 15. h3 b5 16. axb6 Rxb6 17. Nc4 Rb4 18. b3 {0-1 (79) Safin,R (2283)-Jobava,B (2603) Chess.com INT 2021}) 12... Bf8 13. f3 b6 14. Be3 Qc7 15. Qd2 $36 {[%emt 0:03:45][%mdl 2048] White has strong initiative.} Bb7 16. Bd3 ({White should play} 16. Rab1) 16... Ba8 ({Black should try} 16... Ne5) 17. Na3 $16 {[%emt 0:00:39] 0x0.001a2ce45635dp-1022s more active pieces.} Qc8 18. Qe2 Bb7 19. f4 Qd8 20. Rae1 (20. h3 $16) 20... Ra8 {[%emt 0:04:54] Black cannot hold the game after this.} (20... b5 $1 $14) 21. Qf3 $18 Bc8 22. Bf2 Rb8 23. Bg3 Qc7 $2 (23... g6 24. Bh4 c4) 24. e5 c4 25. Nxc4 (25. exf6 Rxe1 26. Rxe1 cxd3 $16) 25... b5 26. axb5 axb5 27. Nxd6 Bxd6 28. exd6 {[%emt 0:00:06] The board is on fire.} Qxd6 29. Rxe8+ (29. Nxb5 Rxb5 30. Rxe8+ (30. Bxb5 Qc5+ 31. Bf2 Qxb5 $15) 30... Nxe8 $16) (29. Bxb5 Rxe1 30. Rxe1 {[#]} Rxb5 $1 31. Nxb5 Qc5+ 32. Bf2 Qxb5 $15) 29... Nxe8 30. Qe3 ({Less strong is} 30. Bxb5 Rxb5 31. Qe2 (31. Nxb5 Qc5+ 32. Rf2 Qc1+ 33. Rf1 Qc5+ 34. Rf2 Qc1+ 35. Rf1 Qc5+ $11) 31... Nc7 $16) 30... Nef6 31. f5 ({But not} 31. Bxb5 $6 Qb4 $16) 31... Qb6 32. Qxb6 Rxb6 33. Bxb5 {[%emt 0:00:08] [#] aiming for Ra1. A strong pair of Bishops.} Rb7 $2 (33... Ba6 {was necessary.}) 34. Ra1 {[%emt 0:02:54] White is clearly winning.} Nb6 (34... h5 $142 35. Ra3 Nb6) 35. Bc6 Re7 36. Bd6 {[%emt 0:00:08] Weighted Error Value: White=0.15 (very precise) /Black=0.45} 1-0

[Event "Czech Championship 2022"]
[Site "Usti nad Labem"]
[Date "2022.05.21"]
[Round "8.13"]
[White "Jun, Rudolf"]
[Black "Serrano Salvador, Eduardo"]
[Result "1/2-1/2"]
[ECO "B15"]
[WhiteElo "2183"]
[BlackElo "2286"]
[Annotator "TA"]
[PlyCount "103"]
[EventDate "2022.05.12"]
[EventType "swiss"]
[EventCountry "CZE"]
[SourceTitle "playchess.com"]
[Source "ChessBase"]
[SourceQuality "1"]
[TimeControl "40/5400+30:1800+30"]

1. e4 c6 2. d4 d5 3. Nd2 dxe4 4. Nxe4 Nf6 5. Nxf6+ exf6 6. Nf3 Bd6 7. Be2 O-O 8. O-O Re8 9. Be3 Nd7 10. Rc1 {[%emt 0:03:01] B15: Caro-Kann: 3 Nc3: 3...g6 and 3...dxe4 4 Nxe4 Nf6 5 Nxf6+ exf6.} Nf8 11. c4 Ng6 12. Re1 $1 {[%emt 0:05:07] [#] The position is equal.} Nf4 $146 ({Predecessor:} 12... Be6 13. b3 Qd7 14. d5 cxd5 15. cxd5 Bg4 16. Bc5 Bf4 17. Rc4 Rac8 18. h3 b5 {0-1 (47) De los Santos,R (2198)-Krstulovic,A (2338) Chess.com INT 2020}) 13. Bf1 Bg4 14. a3 {[%emt 0:02:44] Against Bb4} (14. h3 $5 Bf5 15. Qd2 $11) 14... Qd7 15. b4 Qf5 {[%emt 0:03:01][%cal Of4h3] [#] aiming for ...Nh3+!} 16. g3 $1 Nh3+ 17. Bxh3 Bxh3 18. Nh4 Qd7 19. Ng2 Re4 20. Qd2 Rd8 21. f3 Ree8 22. Rcd1 Bc7 23. Nf4 Bxf4 24. Bxf4 Rxe1+ 25. Rxe1 Be6 {[%emt 0:00:16] Against d5} 26. d5 cxd5 27. cxd5 Qxd5 28. Qxd5 Rxd5 $15 {[%emt 0:00:05][%mdl 4096] Endgame KRB-KRB} 29. Kf2 g5 30. Bb8 a6 31. Bc7 Rd7 32. Bb6 Bc4 33. Re8+ Kg7 34. Rd8 Re7 35. Be3 h6 36. a4 Bb3 37. a5 Bc4 38. Rd4 Bb5 39. Rd8 Re5 40. Rd6 Bc6 {[%emt 0:03:11] Black is slightly better.} 41. Bd4 Re6 (41... Rf5 {seems wilder.} 42. f4 gxf4 43. g4 Rd5) 42. Rxe6 fxe6 {[%emt 0:00:05] KB-KB} 43. Bb6 h5 44. h4 Kg6 45. Bd8 e5 46. hxg5 fxg5 47. Ke3 Kf5 48. Be7 g4 49. fxg4+ Kxg4 50. Kf2 Bf3 51. Bd6 e4 52. Ke3 {[%emt 0:00:16] Weighted Error Value: White=0.07 (flawless) /Black=0.08 (flawless)} 1/2-1/2

[Event "Czech Championship 2022"]
[Site "Usti nad Labem"]
[Date "2022.05.21"]
[Round "8.14"]
[White "Sykora, Marek"]
[Black "Bouska, Jiri"]
[Result "1-0"]
[ECO "B06"]
[WhiteElo "2249"]
[BlackElo "2117"]
[Annotator "TA"]
[PlyCount "101"]
[EventDate "2022.05.12"]
[EventType "swiss"]
[EventCountry "CZE"]
[SourceTitle "playchess.com"]
[Source "ChessBase"]
[SourceQuality "1"]
[TimeControl "40/5400+30:1800+30"]

1. e4 c5 2. c3 d5 3. exd5 Qxd5 4. d4 g6 5. Nf3 Bg7 6. Na3 cxd4 7. Bc4 {[%emt 0:02:22] B06: Modern Defence.} Qe4+ {[%emt 0:00:08] [#]} 8. Be3 $1 Nh6 (8... dxe3 9. Bxf7+ Kxf7 10. Ng5+ Ke8 11. Nxe4) (8... dxe3 $2 9. Bxf7+ $1 Kxf7 10. Ng5+ Ke8 11. Nxe4 $18) 9. cxd4 {[%emt 0:03:50] next 0-0 is good for White. The position is equal.} ({But not} 9. Nxd4 Qxg2 10. Qf3 Qxf3 11. Nxf3 O-O $17) 9... O-O 10. O-O {[%emt 0:06:25] With the idea Re1.} Bg4 11. Ng5 (11. Bxh6 $5 Bxh6 12. Re1 Bxf3 13. Rxe4 Bxd1 14. Rxd1 $11) 11... Qxe3 12. fxe3 {[%emt 0:00:22] Dancing on a razor blade.} Bxd1 13. Raxd1 Nc6 14. Nc2 Rac8 15. b3 {[%emt 0:02:14] [#]} Nf5 $146 (15... Na5 $11 {and Black is okay.} 16. Bd3 Ng4) ({Predecessor:} 15... e6 16. Nxe6 fxe6 17. Bxe6+ Kh8 18. Bxc8 Rxc8 19. e4 Rd8 20. d5 Ne5 21. h3 Nhf7 {½-½ (44) Sebesta,J (1557)-Torngren,G (1764) Prague 2016}) 16. Nxf7 {[%emt 0:07:01] Threatens to win with Nd6+.} Na5 17. Nh6+ Kh8 18. Nxf5 gxf5 19. Bd3 e6 20. g3 (20. d5 $1 $18 ) 20... Nc6 $16 21. Na3 (21. Bc4 $16) 21... Bh6 22. Rfe1 a6 23. Nc4 b5 (23... Nb4 $14) 24. Nd6 $36 {[%emt 0:05:21][%mdl 2048] White is on the roll.} Rb8 25. d5 $1 {[%emt 0:02:27] White is more active.} exd5 26. Nxf5 ({Don't take} 26. Bxf5 $6 Rb6 $14) 26... Bg5 27. Bb1 Rbd8 28. Rc1 Rc8 (28... Ne7 $16) 29. Rc5 (29. Nd6 $18 {is more deadly.} Rc7 30. Rc5) 29... Ne5 (29... Ne7 $142 30. Rxc8 Rxc8) 30. Rxc8 Rxc8 {[%emt 0:00:15] [#]} 31. Kg2 {[%emt 0:00:15] Prevents Nf3.} Rd8 (31... Ng4 $16 {was worth a try.} 32. e4 Re8) 32. h4 $18 Bf6 33. Rc1 {[%emt 0:00:12] Inhibits Rc8.} Re8 34. Rc7 Ng4 35. Nd6 Nxe3+ (35... Re6 $142) 36. Kf3 Re7 37. Rc8+ Kg7 38. Ne8+ Kf7 39. Nxf6 Kxf6 {[%emt 0:00:05][%mdl 4096] Endgame KRB-KRN} 40. Rc6+ Kg7 41. Rxa6 (41. h5 $142) 41... Nd1 $2 (41... Nf1) 42. h5 {[%emt 0:05:02][%cal Bh4h5,Bh5h6][%mdl 32] And now h6+ would win. White is clearly winning.} Rf7+ 43. Kg4 Rf6 {[%emt 0:00:00] Against h6+} (43... h6 $142 44. Rg6+ Kh7 45. Re6+ Kg7) 44. Ra7+ Rf7 45. h6+ Kf6 46. Rxf7+ Kxf7 47. a4 bxa4 48. bxa4 d4 49. a5 Nc3 {[%emt 0:00:00] [#]} 50. a6 $1 Nb5 51. Bxh7 {[%emt 0:00:00] Weighted Error Value: White=0.21 (precise) /Black=0.40} 1-0

[Event "Czech Championship 2022"]
[Site "Usti nad Labem"]
[Date "2022.05.21"]
[Round "8.15"]
[White "Pokrupa, Marek"]
[Black "Vojta, Jakub"]
[Result "0-1"]
[ECO "C26"]
[WhiteElo "2117"]
[BlackElo "2396"]
[Annotator "TA"]
[PlyCount "98"]
[EventDate "2022.05.12"]
[EventType "swiss"]
[EventCountry "CZE"]
[SourceTitle "playchess.com"]
[Source "ChessBase"]
[SourceQuality "1"]
[TimeControl "40/5400+30:1800+30"]

1. g3 e5 2. Bg2 Nf6 3. e4 Nc6 4. Ne2 Bc5 5. Nbc3 O-O 6. O-O a6 7. d3 h6 {[%emt 0:00:48] C26: Vienna Game: 2...Nf6, sidelines .} 8. Nd5 Nxd5 9. exd5 Nd4 {[%emt 0:02:05] [#] The position is equal.} 10. c3 $146 ({Predecessor:} 10. Nxd4 exd4 11. Bd2 d6 12. Qh5 Qf6 13. Rae1 Bf5 14. g4 Bg6 15. Qh3 Rfe8 16. Qg3 {1-0 (58) Svancara,P (2187)-Staufcik,M (2048) Czech Republic 2008}) 10... Nxe2+ 11. Qxe2 d6 12. Be3 Bxe3 13. fxe3 Qg5 14. Rf2 Bg4 15. Qd2 f5 16. Raf1 Rf6 17. e4 Qxd2 18. Rxd2 f4 19. gxf4 exf4 20. Bf3 Bxf3 21. Rxf3 $11 {[%emt 0:00:06][%mdl 4096] Endgame KRR-KRR} g5 22. Rg2 Kg7 23. Kf1 (23. h4 $11 {was preferrable.} Rg6 24. hxg5 hxg5 25. Rh3) 23... Kg6 24. Ke2 (24. h4 $1 $11) 24... Re8 25. Rf1 c6 26. dxc6 (26. c4 $1 $11) 26... bxc6 $17 27. Kf3 (27. Kd2 $17) 27... d5 $1 $19 28. Rd2 Rd6 29. Rfd1 {[%emt 0:02:33] [#]} Red8 (29... Kh5 $1 $19 30. c4 Kh4) 30. e5 Re6 31. d4 Kf5 32. h3 h5 33. Rg1 (33. Kg2 $17 {might work better.}) 33... Rg6 (33... a5 $19 34. Re2 a4) 34. Rh2 (34. Re2 $17) 34... Rdg8 35. Re1 Rh6 (35... Rc8 $19 36. Rg2 g4+ 37. Kf2 f3) 36. Rg1 Rhg6 37. Re1 $1 Rh8 {[%emt 0:00:35] White must now prevent ...g4+.} 38. Kf2 Rhh6 (38... a5 $17 39. b3 Rc8) 39. Reh1 (39. a4 $15) 39... c5 (39... Rh7 $17 {Hoping for ...a5.} 40. Re1 a5) 40. dxc5 $11 Re6 ({Resist} 40... Kxe5 41. Re1+ Kf5 42. Rd1 $14) 41. Rd1 Rxe5 42. b4 (42. Rd2 $15) 42... Rhe6 $17 {[%emt 0:02:46] And now ...Re2+ would win.} 43. Kf1 {[%emt 0:01:42][%mdl 8192] [#] Prevents Re2. Loses the game.} (43. Rd2 $17) 43... f3 $1 $19 ({Stronger than} 43... g4 44. hxg4+ hxg4 45. Rh5+ Kf6 46. Rxe5 Kxe5 47. Re1+ Kf6 48. Rxe6+ Kxe6 49. a4 $11) 44. Rhd2 g4 {[%emt 0:00:00][%cal Bg5g4,Bg4g3,Bg3g2][%mdl 32] ...g3 is the strong threat.} 45. Rxd5 g3 {[%emt 0:00:00] Threatens to win with ...Rxd5.} 46. Rxe5+ Rxe5 47. c6 {[%emt 0:02:01] Strongly threatening c7.} Kf4 {[%emt 0:00:00] Black mates.} 48. c7 g2+ 49. Kg1 Kg3 {[%emt 0:00:00] Weighted Error Value: White=0.83/Black=0.21 (precise)} 0-1

[Event "Czech Championship 2022"]
[Site "Usti nad Labem"]
[Date "2022.05.21"]
[Round "8.16"]
[White "Buchcar, Tomas"]
[Black "Ocelak, Jakub"]
[Result "1-0"]
[ECO "A15"]
[WhiteElo "2183"]
[BlackElo "2060"]
[Annotator "TA"]
[PlyCount "99"]
[EventDate "2022.05.12"]
[EventType "swiss"]
[EventCountry "CZE"]
[SourceTitle "playchess.com"]
[Source "ChessBase"]
[SourceQuality "1"]
[TimeControl "40/5400+30:1800+30"]

1. Nf3 Nf6 2. c4 g6 3. b3 Bg7 4. Bb2 O-O 5. e3 d6 6. Be2 e5 7. d3 {[%emt 0:00:06] 7.0-0 is more fashionable.} a5 {[%emt 0:02:23] A15: English Opening: 1...Nf6.} 8. a3 Nc6 9. Nbd2 Re8 {[%emt 0:08:35] The position is equal.} 10. O-O d5 11. cxd5 Nxd5 12. Qc2 {[%emt 0:00:06] [#]} g5 $146 ({Predecessor:} 12... Be6 13. Rac1 f6 14. Rfe1 Bf7 15. Ne4 Nce7 16. d4 exd4 17. Nxd4 c6 18. Nc5 Qc8 {1-0 (49) Paglinawan,Z (1647)-Lee,C (1979) Batangas 2019}) 13. h3 h6 14. Rfe1 Nb6 15. Ne4 Kh8 (15... f5 $14) 16. Ng3 $16 Kg8 17. Rad1 Qe7 18. Nd2 Qf8 19. Bf3 Be6 20. Nde4 Nd7 (20... Bd5 $16 21. Nh5 Re6) 21. d4 $1 $18 {[%emt 0:13:22][%cal Bd3d4,Bd4d5][%mdl 32] Hoping for d5.} Nb6 22. Nc5 {[%emt 0:00:47] Black must now prevent d5.} Bc8 (22... exd4 {was necessary.} 23. Bxc6 (23. Nxb7 Ne5 $16) (23. exd4 Bd5 $16) 23... bxc6) 23. Nh5 Bh8 24. d5 Nd8 25. g4 f5 26. gxf5 (26. Be2 $142) 26... Qxf5 $2 (26... Bxf5 27. Ne4 (27. Be4 Bxe4 28. Nxe4 Qf7 $16) 27... Bh7) 27. Qxf5 $2 (27. Be4 Qxh3 28. Ng3) 27... Bxf5 28. Bg4 {[%emt 0:00:12] 0x0.0024db2e1745dp-1022s more active pieces.} Bxg4 29. hxg4 Nf7 (29... a4 $16 {keeps fighting.}) 30. Nxb7 a4 {[%emt 0:00:04] [#]} 31. b4 Nc4 {[%emt 0:00:05] [#]} 32. Re2 Ra7 33. Nc5 Nxb2 34. Rxb2 e4 35. Rc2 Ne5 (35... Nd6 $142 36. Ne6 Nb5) 36. Ng3 {[%emt 0:01:53] Pair of Knights!} Nxg4 37. Ngxe4 Nf6 38. Nxf6+ Bxf6 39. Ne6 Re7 40. Rc6 Bb2 41. Rd3 Kh7 42. Nd4 Rf7 43. Rc2 Bxd4 44. Rxd4 {[%emt 0:00:00][%mdl 4096] Endgame KRR-KRR} ({Not} 44. exd4 Kg7 45. Rc6 Rd7 $16) 44... Kg6 45. Rc6+ Kh5 (45... Kg7 $142 46. Kg2 Rb7) 46. Kg2 Ra8 47. Rd1 {[%emt 0:00:00] Threatens to win with f3.} Raf8 48. f3 Rf6 49. Rdc1 {[%emt 0:00:00] Rxf6 is the strong threat.} R6f7 (49... Kg6 $18 50. Rxf6+ Kxf6 51. Rxc7 h5) 50. Rh1# {[%emt 0:35:08] Weighted Error Value: White=0.22 (precise) /Black=0.58} 1-0

[Event "Czech Championship 2022"]
[Site "Usti nad Labem"]
[Date "2022.05.21"]
[Round "8.17"]
[White "Soucek, Petr"]
[Black "Bokhnak, Timofey"]
[Result "1/2-1/2"]
[ECO "A17"]
[WhiteElo "2177"]
[BlackElo "2060"]
[Annotator "TA"]
[PlyCount "76"]
[EventDate "2022.05.12"]
[EventType "swiss"]
[EventCountry "CZE"]
[SourceTitle "playchess.com"]
[Source "ChessBase"]
[SourceQuality "1"]
[TimeControl "40/5400+30:1800+30"]

1. c4 e6 2. Nf3 d5 3. e3 Nf6 4. Nc3 b6 5. cxd5 Nxd5 6. Nxd5 {[%emt 0:01:23] A17: English Opening: 1...Nf6 with ...Bb4.} Qxd5 {[%emt 0:01:17] [#]} 7. Qc2 $146 ({Predecessor:} 7. b3 Be7 8. Bb2 O-O 9. Bc4 Qe4 10. Qe2 Bb7 11. O-O Rd8 12. d3 Qg4 13. h3 {½-½ (40) Gatterer,F (2271)-Knechtel,R (2245) Austria 2018}) 7... c5 8. Bc4 {[%emt 0:06:18] The position is equal.} Qd6 9. b3 Bb7 10. Bb2 Nc6 11. Rc1 a6 12. Be2 (12. Qb1 $16) 12... e5 13. Qe4 f6 14. d4 Na5 (14... Qd7 $1 $11 {and Black is okay.}) 15. Qg4 (15. Qh4 $18 cxd4 16. exd4) 15... cxd4 16. exd4 e4 17. Nd2 Qd7 18. Qxd7+ Kxd7 19. Bg4+ Kd8 20. O-O {[%emt 0:01:38][%cal Od4d5] White is more active.} Bb4 21. Nc4 ({White should play} 21. Rfd1) 21... b5 $2 {[%emt 0:01:42] [#]} (21... Nxc4 $16 22. Rxc4 a5) 22. Ne3 $2 (22. Nb6 $18 {and the rest is easy.} Rb8 23. d5) 22... g6 (22... Bc8 $16) 23. d5 $18 Rf8 24. Be6 Bc8 25. Rfd1 Bd6 26. Bxc8 $2 (26. Ng4 $18 f5 27. Bf6+ Be7 28. d6 (28. Bxe7+ Kxe7 29. Ne3 Bxe6 $15) 28... Bxf6 29. d7 Bxd7 30. Rxd7+ Ke8 31. Ne3) 26... Rxc8 $11 27. Rxc8+ Kxc8 28. Bc3 Nb7 29. Rc1 {[%emt 0:00:03] Strongly threatening Ng4.} Kd7 30. Bd4 f5 {[%emt 0:01:11] Against Ng4} 31. Rc6 Rc8 32. Rxa6 Rc1+ 33. Nf1 {[%emt 0:00:05] [#]} Rd1 ({Better is} 33... Bc5 $1 $17 34. Bxc5 Nxc5 35. Ra7+ Kd6) 34. Bb6 Rxd5 35. g3 Bb4 36. a4 bxa4 37. bxa4 Rd6 38. Ne3 Ke6 {[%emt 0:21:44] Black escapes into a draw.  Weighted Error Value: White=0.32/Black=0.36} 1/2-1/2